 Dungeon Crawl Stone Soup version 0.31-a0-819-gf6de2f5ab6 (webtiles) character file.

Game seed: 5322831469256141384

1565 qw the Skirmisher (level 8, -8/52 HPs)
             Began as a Gargoyle Hunter on Sept 23, 2023.
             Mangled by Edmund
             ... wielding a +3 flail of protection
              (9 damage)
             ... on level 6 of the Dungeon.
             The game lasted 00:02:02 (4125 turns).

qw the Skirmisher (Gargoyle Hunter)                 Turns: 4125, Time: 00:02:02

Health: -8/52      AC:  9    Str: 14 (15) XL:     8   Next: 89%
Magic:  8/8        EV: 12    Int: 10      God:
Gold:   268        SH:  0    Dex: 13 (15) Spells: 7/7 levels left

rFire   . . .        j - +0 orcbow
rCold   + . .        (shield currently unavailable)
rNeg    + . .        f - +1 robe {rC+}
rPois   inf          (no helmet)
rElec   +            (no cloak)
rCorr   .            (no gloves)
SInv    .            h - +0 pair of boots
Will    .....        (no amulet)
Stlth   ++           (no ring)
HPRegen 0.28/turn    (no ring)
MPRegen 0.11/turn

%: no passive effects
@: no status effects
A: sickness immunity, AC +5, negative energy resistance 1, electricity
resistance, torment resistance 1, petrification resistance
a: no special abilities


You were on level 6 of the Dungeon.
You visited 1 branch of the dungeon, and saw 6 of its levels.

You collected 268 gold pieces.


Innate Abilities, Weirdness & Mutations

You are immune to sickness and miasma.
Your stone body is resilient. (AC +5)
You are immune to poison.
You resist negative energy. (rN+)
You are resistant to electric shocks. (rElec)
You are resistant to unholy torment.
You are immune to petrification.


   Skills:
 + Level 6.4 Fighting
 - Level 10.0 Ranged Weapons
 - Level 1.0 Armour
 - Level 2.0 Dodging
 - Level 1.1 Stealth


You had 7 spell levels left.
You didn't know any spells.
Your spell library was empty.

Inventory:

Hand Weapons
 j - a +0 orcbow (weapon)
Armour
 d - a +0 ring mail
 f - a +1 robe of cold resistance (worn)
 h - a +0 pair of boots (worn)
Scrolls
 c - a scroll of identify
Potions
 b - a potion of mutation
 e - a potion of curing
 g - 3 potions of enlightenment
 i - a potion of resistance
 l - a potion of heal wounds {unknown}

Dungeon Overview and Level Annotations

Branches:
Dungeon (6/15)
 Temple: D:4-7

Altars:
Dithmenos

Annotations:
D:2 1 runed translucent door, Crazy Yiuf
D:6 Edmund


Message History

You shoot an arrow. The arrow closely misses Edmund.
Edmund misses you.
You shoot an arrow.
The arrow hits Edmund but does no damage.
Edmund is lightly wounded.
Edmund hits you with a +3 flail of protection.
You shoot an arrow. The arrow barely misses Edmund.
Edmund barely misses you.
You shoot an arrow. The arrow closely misses Edmund.
Edmund misses you.
You shoot an arrow.
The arrow hits Edmund but does no damage.
Edmund is lightly wounded.
Edmund hits you with a +3 flail of protection.
You shoot an arrow. The arrow hits Edmund.
Edmund is moderately wounded.
Edmund hits you with a +3 flail of protection.
You shoot an arrow. The arrow barely misses Edmund.
Edmund hits you with a +3 flail of protection.
You shoot an arrow. The arrow completely misses Edmund.
Edmund hits you with a +3 flail of protection.
You shoot an arrow. The arrow barely misses Edmund.
Edmund hits you with a +3 flail of protection.
You shoot an arrow. The arrow closely misses Edmund.
Edmund hits you with a +3 flail of protection!
You shoot an arrow.
The arrow hits Edmund but does no damage.
Edmund is moderately wounded.
Edmund barely misses you.
You shoot an arrow. The arrow barely misses Edmund.
Edmund says, "People will remember me!
They'll remember me and die!"
Edmund hits you with a +3 flail of protection.
You shoot an arrow. The arrow barely misses Edmund.
Edmund hits you with a +3 flail of protection.
You shoot an arrow. The arrow barely misses Edmund.
Edmund barely misses you.
You shoot an arrow. The arrow barely misses Edmund.
Edmund hits you with a +3 flail of protection!
You die...
Edmund says, "I'd like to see a scythe do that!"

## ##.############
##...##......#.### #
#....#..@........# #.#
#....###.@#.#...## ##
...#......#....##..#### ##..
..........##...###.#..##....
#.#@.#.###..##.........# .
##..#.#.##..###........# ..
#..@##..%@.###.|#.....##
...#
##..##.....###.[###..###
....##..##.....##..##
##...##


You could see Edmund.

Vanquished Creatures
  3 water moccasins (D:5)
  A centaur (D:5)
  3 ogres
  A phantom (D:6)
  A bullfrog (D:6)
  3 scorpions (D:4)
  3 hounds
  2 gnoll boudas
  A jelly (D:6)
  3 iguanas
  2 sleepcaps
  Natasha (D:2)
  8 adders
  10 gnolls
  A shadow imp (D:6)
  An ufetubus (D:5)
  A worm (D:2)
  A dart slug (D:1)
  8 orcs
  3 bats
  6 endoplasms
  4 giant cockroaches
  5 hobgoblins
  2 jackals (D:4)
  5 quokkas
  7 ball pythons
  5 frilled lizards
  6 goblins
  6 kobolds
  7 rats
110 creatures vanquished.

Notes
Turn   | Place    | Note
-------+----------+-------------------------------------------
     0 | D:1      | qw the Gargoyle Hunter began the quest for the Orb.
     0 | D:1      | Reached XP level 1. HP: 12/12 MP: 1/1
     0 | D:1      | 0 ||| qw: Version: 0.3-a-83-gcd0e7d8
     0 | D:1      | 0 ||| qw: Game counter: 1727
     0 | D:1      | 0 ||| qw: Melee chars always use a shield: true
     0 | D:1      | 0 ||| qw: God list: Okawaru
     0 | D:1      | 0 ||| qw: Allow faded altars: false
     0 | D:1      | 0 ||| qw: Do Orc after clearing Dungeon:15 true
     0 | D:1      | 0 ||| qw: Do second Lair branch before Depths: true
     0 | D:1      | 0 ||| qw: Lair rune preference: random
     0 | D:1      | 0 ||| qw: Goals: Normal
     0 | D:1      | 0 ||| PLANNING D:1-11
   177 | D:1      | Reached XP level 2. HP: 17/17 MP: 2/2
   678 | D:1      | 678 ||| UPGRADING to +0 ring mail.
   688 | D:1      | 688 ||| DROPPING +0 leather armour.
   689 | D:1      | 689 ||| READING scroll labelled QODGHU MISUOPAE.
   690 | D:1      | 690 ||| READING scroll labelled AHUNKUOGRO.
   691 | D:1      | 691 ||| READING scroll labelled RITYAWNORIR.
   692 | D:1      | 692 ||| READING scroll labelled QAMNUL ZULU.
   696 | D:1      | 696 ||| READING scroll labelled ODAETUDISS.
   697 | D:1      | 697 ||| DROPPING scroll of butterflies.
   729 | D:2      | 729 ||| STAIRDANCE
   735 | D:2      | 735 ||| STAIRDANCE
   738 | D:1      | Reached XP level 3. HP: 21/21 MP: 3/3
   742 | D:2      | Reached skill level 1 in Armour
   763 | D:2      | Reached skill level 5 in Ranged Weapons
   820 | D:2      | Reached skill level 3 in Fighting
   820 | D:2      | Reached XP level 4. HP: 28/28 MP: 4/4
  1182 | D:2      | Noticed Natasha
  1185 | D:2      | 1185 ||| RETREEAATING.
  1197 | D:2      | Killed Natasha
  1198 | D:2      | Reached XP level 5. HP: 26/32 MP: 5/5
  1397 | D:2      | Found a runed translucent door.
  1398 | D:2      | Noticed Crazy Yiuf
  1401 | D:2      | 1401 ||| READING scroll labelled SELOXU VAOZUWA.
  1402 | D:2      | 1402 ||| READING scroll labelled OSIUSM ZAEMALL.
  1403 | D:2      | 1403 ||| DRINKING 2 sapphire potions.
  1449 | D:2      | 1449 ||| DROPPING potion of lignification.
  1547 | D:3      | Reached skill level 6 in Ranged Weapons
  1842 | D:3      | Found a faded altar of an unknown god.
  1919 | D:3      | 1919 ||| READING 5 scrolls of identify.
  1919 | D:3      | 1919 ||| IDENTIFYING dark potion
  1920 | D:3      | 1920 ||| READING 4 scrolls of identify.
  1920 | D:3      | 1920 ||| IDENTIFYING black potion
  1921 | D:3      | 1921 ||| READING 3 scrolls of identify.
  1921 | D:3      | 1921 ||| IDENTIFYING red potion
  1922 | D:3      | 1922 ||| READING 2 scrolls of identify.
  1922 | D:3      | 1922 ||| IDENTIFYING viscous cyan potion
  1923 | D:3      | 1923 ||| DROPPING potion of attraction.
  1924 | D:3      | 1924 ||| DROPPING potion of berserk rage.
  2051 | D:4      | Reached XP level 6. HP: 32/38 MP: 6/6
  2168 | D:4      | Reached skill level 7 in Ranged Weapons
  2351 | D:4      | Reached XP level 7. HP: 30/43 MP: 7/7
  2587 | D:4      | Reached skill level 8 in Ranged Weapons
  2785 | D:4      | Found a shadowy altar of Dithmenos.
  2786 | D:4      | 2786 ||| UPGRADING to +1 robe of cold resistance.
  2828 | D:4      | 2828 ||| READING scroll labelled ILISAR UCWOJ.
  2829 | D:4      | 2829 ||| READING 4 scrolls of identify.
  2829 | D:4      | 2829 ||| IDENTIFYING white potion
  2830 | D:4      | 2830 ||| READING 3 scrolls of identify.
  2830 | D:4      | 2830 ||| IDENTIFYING metallic dark potion
  2831 | D:4      | 2831 ||| DROPPING potion of magic.
  2864 | D:5      | Entered Level 5 of the Dungeon
  3029 | D:5      | 3029 ||| SWAPPING to +0 orcbow.
  3030 | D:5      | 3030 ||| DROPPING +0 shortbow of freezing.
  3074 | D:5      | Reached XP level 8. HP: 28/50 MP: 8/8
  3222 | D:5      | 3222 ||| Stepping ~*~*~tactically~*~*~ (retreating).
  3223 | D:5      | 3223 ||| Stepping ~*~*~tactically~*~*~ (retreating).
  3224 | D:5      | 3224 ||| Stepping ~*~*~tactically~*~*~ (retreating).
  3225 | D:5      | 3225 ||| Stepping ~*~*~tactically~*~*~ (retreating).
  3229 | D:5      | 3229 ||| Stepping ~*~*~tactically~*~*~ (retreating).
  3250 | D:5      | Reached skill level 9 in Ranged Weapons
  3250 | D:5      | HP: 11/50 [gnoll/+0 spear[a gnoll bouda] (3)]
  3251 | D:5      | 3251 ||| READING 2 scrolls of teleportation.
  3500 | D:5      | 3500 ||| Stepping ~*~*~tactically~*~*~ (retreating).
  3513 | D:5      | Reached skill level 6 in Fighting
  3574 | D:5      | 3574 ||| FLEEEEING.
  3575 | D:5      | 3575 ||| FLEEEEING.
  3723 | D:5      | 3723 ||| UPGRADING to +0 pair of boots.
  3728 | D:5      | 3728 ||| DRINKING 2 fuming green potions.
  3729 | D:5      | 3729 ||| READING 2 scrolls of identify.
  3729 | D:5      | 3729 ||| IDENTIFYING fizzy red potion
  3730 | D:5      | 3730 ||| DROPPING potion of degeneration.
  3890 | D:6      | Reached skill level 10 in Ranged Weapons
  3901 | D:6      | Noticed Edmund
  3924 | D:6      | HP: 13/52 [Edmund/+3 flail of protection (6)]
  3925 | D:6      | 3925 ||| READING scroll of teleportation.
  3927 | D:6      | HP: 2/52 [Edmund/+3 flail of protection (5)]
  3930 | D:6      | 3930 ||| FLEEEEING.
  3931 | D:6      | 3931 ||| FLEEEEING.
  3932 | D:6      | 3932 ||| FLEEEEING.
  3934 | D:6      | 3934 ||| FLEEEEING.
  3935 | D:6      | 3935 ||| FLEEEEING.
  3936 | D:6      | 3936 ||| FLEEEEING.
  3937 | D:6      | 3937 ||| FLEEEEING.
  3939 | D:6      | 3939 ||| FLEEEEING.
  3941 | D:6      | 3941 ||| FLEEEEING.
  3942 | D:6      | 3942 ||| FLEEEEING.
  3943 | D:6      | 3943 ||| FLEEEEING.
  3944 | D:6      | 3944 ||| FLEEEEING.
  3946 | D:6      | 3946 ||| FLEEEEING.
  3947 | D:6      | 3947 ||| FLEEEEING.
  3948 | D:6      | 3948 ||| STAIRDANCE
  4120 | D:6      | HP: 8/52 [Edmund/+3 flail of protection (9)]
  4123 | D:6      | HP: 1/52 [Edmund/+3 flail of protection (6)]
  4125 | D:6      | Mangled by Edmund

Levels and vault maps discovered:
D:1:      lightli_iron_boxes, layout_basic, nicolae_figureground_sparkle
D:2:      layout_loops_ring, nicolae_grassy_gnolls, uniq_crazy_yiuf_cottage,
          uniq_natasha
D:3:      layout_rooms, shapermc_ecumenical_altar_mp_vishouse, feat_on_display
D:4:      layout_loops_ring, nicolae_dithmenos_through_a_glass_darkly,
          minivault_11
D:5:      layout_rooms
D:6:      layout_cave_pools, amethyst_overflow_temple_binary, uniq_edmund

Skill      XL: |  1  2  3  4  5  6  7  8 |
---------------+-------------------------+-----
Armour         | 1 |  1.0
Ranged Weapons | 5 6 7 8 10 | 10.0
Fighting       | 3 4 5 6 |  6.4
Dodging        | 2 |  2.0
Stealth        | |  1.1

Action                     |  1- 3 |  4- 6 |  7- 9 || total
---------------------------+-------+-------+-------++-------
   Fire: Shortbow          |    71 |   169 |    75 ||   315
         Orcbow            |       |       |   197 ||   197
    Use: Scroll            |     5 |     6 |     6 ||    17
         Potion            |       |     1 |     1 ||     2
 Armour: Ring mail         |    13 |    46 |    30 ||    89
         Leather armour    |     2 |       |       ||     2
         Robe              |       |       |   112 ||   112
  Dodge: Dodged            |    13 |    49 |   123 ||   185

Table legend:
 A = Non-vault XP
 B = Vault XP
 C = Vault XP percentage of total XP
 D = Non-vault monster count
 E = Vault monster count
 F = Vault count percentage of total count
                 A         B        C        D         E       F
            +---------+---------+-------+---------+---------+-------
      Total |    2144 |      92 |   4.1 |     105 |       5 |   4.5
            +---------+---------+-------+---------+---------+-------
        D:1 |      34 |       0 |   0.0 |      20 |       0 |   0.0
        D:2 |      51 |      92 |  64.3 |      16 |       5 |  23.8
        D:3 |      45 |       0 |   0.0 |      13 |       0 |   0.0
        D:4 |     651 |       0 |   0.0 |      30 |       0 |   0.0
        D:5 |     939 |       0 |   0.0 |      17 |       0 |   0.0
        D:6 |     424 |       0 |   0.0 |       9 |       0 |   0.0
            +---------+---------+-------+---------+---------+-------
